Unix NetHack Version 5.0.0-0 post-release - last build May 10 2026 23:12:36 (d1fa5d53e341ca933230fdaa984d921c805b60aa,branch:main).

Game began 2026-05-11 02:41:53, ended 2026-05-11 02:55:39.

Eesui, chaotic male human Rogue

                                                                 -----------
         ------------           ---------                        |.........|
         |..........-#          |.......-########################..........|
         |..........|#         #-.^.....|##     --------#        |.........-
         |....(.....|#         #|.......|#      |.......#        |.........|
         --.----+--.-#         #-.-------#     #....[..|#        |.........|
        #### #  ##0####)B@#####0##########     #|...)_{|#        --.--------
        #     ###### #         # #       #     #--------#####      #
        #   ###      #         # #      ##     #        ###       ##
       ######        #        ## #     ##      #        ####  --.-.--
     ####0           #--------#      ###       #          ##  |.....|
   --|--------       #|.{....-########         #           ###|...^.|
   |.........|       #|......|#    #           #           # #......|
   |.........|       #|......|#   -|-----------#           ###|....<|
   |.........|       #-.>.....### |...........|#             #......|
   |{........|        --------  ##|...........|               -------
   |.......(.|                   #............|
   -----------                    -------------

Eesui the Cutpurse      St:12 Dx:17 Co:15 In:13 Wi:11 Ch:11  Chaotic
Dlvl:3  $:0  HP:0(27) Pw:14(14) AC:4  Xp:4/93 T:2532  Satiated

Latest messages:
 The giant bat bites!
 The giant bat bites!
 The giant bat bites!
 The giant bat bites!
 #
 Are you sure you want to pray? [yn] (n)
 You begin praying to Kos.
 You are surrounded by a shimmering light.
 The giant bat starts to attack you, but pulls back.
 The giant bat starts to attack you, but pulls back.
 The giant bat starts to attack you, but pulls back.
 The giant bat starts to attack you, but pulls back.
 The giant bat starts to attack you, but pulls back.
 The giant bat starts to attack you, but pulls back.
 You finish your prayer.
 You feel that Kos is well-pleased.
 You feel much better.
 You miss the giant bat.
 The giant bat bites!
 The giant bat bites!
 You miss the giant bat.
 The giant bat bites!
 The giant bat bites!
 The giant bat bites!
 The giant bat misses!
 You miss the giant bat.
 The giant bat misses!
 You hit the giant bat.
 The giant bat misses!
 The giant bat bites!
 You hit the giant bat.
 The giant bat bites!
 The giant bat bites!
 In what direction?
 You throw 2 daggers.
 The 1st dagger misses.
 Your movements are now unencumbered.
 The 2nd dagger misses.
 You miss the giant bat.
 The giant bat bites!
 The giant bat bites!
 In what direction?
 The dagger hits the giant bat.
 The giant bat bites!
 You hear some noises in the distance.
 The giant bat bites!
 The giant bat bites!
 You die...
 Do you want your possessions identified? [ynq] (y)
 Do you want to see your attributes? [ynq] (y)

Inventory:
 Weapons  (')')
  b - a +0 dagger (alternate weapon; not wielded)
  g - 3 +0 daggers (at the ready)
  A - a +0 long sword (weapon in right hand)
 Armor    ('[')
  S - a cursed -1 pair of kicking boots
  K - an uncursed +0 cloak of protection (being worn)
  z - an uncursed +0 studded leather armor (being worn)
 Comestibles  ('%')
  O - 2 uncursed slime molds
  l - 2 uncursed food rations
  J - an uncursed lembas wafer
  M - an uncursed sprig of wolfsbane
 Potions  ('!')
  Q - an uncursed potion of booze
  V - an uncursed potion of healing
  T - an uncursed potion of speed
 Rings    ('=')
  D - an uncursed ring of free action
 Wands    ('/')
  R - a wand of digging (0:8)
  U - a wand of make invisible (0:8)
  k - a wand of polymorph (0:3)
  h - a wand of secret door detection (0:12)
  n - a wand of speed monster (0:6)
 Tools    ('(')
  f - an uncursed sack containing 4 items
  v - a bag of tricks (0:19)
  e - an uncursed lock pick
  E - a blessed magic lamp (lit)
  P - an uncursed magic whistle
  G - an uncursed skeleton key
  F - a tinning kit (0:99)
 Gems/Stones  ('*')
  t - 2 uncursed jet stones
  N - 2 uncursed worthless pieces of yellow glass

Contents of the sack:
  290 gold pieces
  2 uncursed tins of spinach
  a cursed scroll of blank paper
  2 uncursed scrolls of magic mapping

Eesui the Rogue's attributes:

Background:
 You were a Cutpurse, a level 4 male human Rogue.
 You were chaotic, on a mission for Kos
 who was opposed by Issek (lawful) and Mog (neutral).
 You were right-handed.
 You were in the Dungeons of Doom, on level 3.
 You entered the dungeon 2532 turns ago.
 It was nighttime.
 You had 93 experience points, 67 more were needed to attain level 5.

Basics:
 You had 0 out of 27 hit points.
 You had all 14 energy points (spell power).
 Your armor class was 4.
 Your wallet was empty, but
 you had 290 zorkmids stashed away in your pack.
 Autopickup was on for '$?!/=+"' plus thrown.

Final Characteristics:
 Your strength was 12 (limit:18/100).
 Your dexterity was 17 (limit:18).
 Your constitution was 15 (limit:18).
 Your intelligence was 13 (limit:18).
 Your wisdom was 11 (limit:18).
 Your charisma was 11 (limit:18).

Final Status:
 You were satiated.
 You were unencumbered.
 You were wielding a long sword.
 You were unskilled in long sword and could have enhanced that.

Final Attributes:
 You were piously aligned.
 You were stealthy.
 You were protected.
 You are dead.

Miscellaneous:
 You disabled loading and storing of bones levels.
 Total elapsed playing time was 13 minutes and 46 seconds.

Major events:
 Turn
    1: Eesui the chaotic male human Rogue entered the dungeon
 1483: attained the rank of Cutpurse (level 3)
 1852: entered the Gnomish Mines
 2532: killed by a giant bat

You didn't know any spells.

Skills:
 Fighting Skills
   bare handed combat [Unskilled]
   two weapon combat  [Basic]
   riding             [Unskilled]
 Weapon Skills
   dagger             [Basic]
   knife              [Unskilled]
   short sword        [Basic]
   broadsword         [Unskilled]
   long sword         [Unskilled]
   two-handed sword   [Unskilled]
   saber              [Unskilled]
   club               [Unskilled]
   mace               [Unskilled]
   morning star       [Unskilled]
   flail              [Unskilled]
   hammer             [Unskilled]
   polearms           [Unskilled]
   spear              [Unskilled]
   crossbow           [Unskilled]
   dart               [Unskilled]
   shuriken           [Unskilled]
 Spellcasting Skills
   divination spells  [Unskilled]
   escape spells      [Unskilled]
   matter spells      [Unskilled]

Voluntary challenges:
 Character rerolling was not enabled.
 You never genocided any monsters.
 You never polymorphed an object.
 You never changed form.
 You used no wishes.
Achievements:
 You entered a shop.
 You attained the rank of Cutpurse.
 You entered the Gnomish Mines.

 The Dungeons of Doom: levels 1 to 5
    Level 1:
    Level 2:
       A tool shop, a fountain.
    Level 3: <- You were here.
       An altar, many fountains.
       Final resting place for
          you, killed by a giant bat.
    Level 4:
       Stairs down to The Gnomish Mines.
    Level 5:
 The Gnomish Mines:
    Level 5:
 The Tutorial:
    Level 1:


Vanquished creatures:
  a werejackal
  a coyote
  a manes
  2 giant rats
  2 cave spiders
  2 brown molds
  2 gnomes
  a gnome zombie
  4 geckos
  7 jackals
  a fox
  3 kobolds
  2 goblins
  9 grid bugs
  3 lichens
  6 newts
47 creatures vanquished.

No species were genocided or became extinct.

Game over:
                       ----------
                      /          \
                     /    REST    \
                    /      IN      \
                   /     PEACE      \
                  /                  \
                  |      Eesui       |
                  |      290 Au      |
                  |   killed by a    |
                  |    giant bat     |
                  |                  |
                  |                  |
                  |       2026       |
                 *|     *  *  *      | *
        _________)/\\_//(\/(/\)/\//\/|_)_______

Goodbye Eesui the Rogue...

You died in The Dungeons of Doom on dungeon level 3 with 843 points,
and 290 pieces of gold, after 2532 moves.
You were level 4 with a maximum of 27 hit points when you died.

